[Event "72nd RUS-ch Higher League 2019"]
[Site "Yaroslavl"]
[Date "2019.06.28"]
[Round "2.28"]
[White "Kanter, Eduard"]
[Black "Yanchenko, Roman"]
[Result "0-1"]
[ECO "E10"]
[WhiteElo "2392"]
[BlackElo "2478"]
[Annotator "ChessBase"]
[PlyCount "94"]
[EventDate "2019.06.27"]
[EventType "swiss"]
[EventCountry "RUS"]
[SourceTitle "playchess.com"]
[Source "ChessBase"]
[SourceQuality "1"]
[TimeControl "40/5400+30:1800+30"]

1. d4 Nf6 2. c4 e6 3. Nf3 d5 4. g3 Bb4+ 5. Nc3 O-O 6. Bg2 Nbd7 7. Qb3 Bxc3+ 8. Qxc3 Ne4 9. Qc2 c6 10. O-O f5 11. b3 Qf6 12. Bb2 h5 13. Ne5 h4 14. Bxe4 fxe4 15. f4 Qh6 16. Qc3 hxg3 17. Qxg3 Rf5 18. Ng4 Qh7 19. Kh1 Nf6 20. Nxf6+ Rxf6 21. Rg1 Bd7 22. Ba3 Rh6 23. Rg2 Be8 24. Be7 Bg6 25. h4 Bf5 26. Bg5 Rh5 27. Bf6 g6 28. e3 Qf7 29. Be5 Qe7 30. Rh2 Rf8 31. c5 Rf7 32. Kg2 Rfh7 33. Rah1 b6 34. Bd6 Qd8 35. b4 b5 36. Kf2 a5 37. a3 axb4 38. axb4 Ra7 39. Qg1 Ra4 40. Kg3 Qa8 41. Rb2 Ra3 42. Rhh2 Rh7 43. Kf2 Rxe3 44. Qg5 Rf3+ 45. Kg2 Ra7 46. Rh1 Ra2 47. Rhb1 Rb3 0-1

[Event "72nd RUS-ch Higher League 2019"]
[Site "Yaroslavl"]
[Date "2019.06.28"]
[Round "2.29"]
[White "Airapetian, Gor"]
[Black "Lesovoi, Evgenij"]
[Result "1/2-1/2"]
[ECO "E15"]
[WhiteElo "2442"]
[BlackElo "2366"]
[Annotator "NA"]
[PlyCount "154"]
[EventDate "2019.06.27"]
[EventType "swiss"]
[EventCountry "RUS"]
[SourceTitle "playchess.com"]
[Source "ChessBase"]
[SourceQuality "1"]
[TimeControl "40/5400+30:1800+30"]

1. d4 Nf6 2. c4 e6 3. Nf3 b6 4. g3 Ba6 5. Qc2 Bb7 6. Bg2 c5 7. d5 exd5 8. cxd5 Nxd5 9. O-O Nb4 10. Qb3 Bd5 11. Qd1 Bc6 12. Nc3 Be7 13. Bf4 O-O 14. a3 N4a6 15. Nd5 Re8 16. Ne5 Bg5 17. Qb3 b5 18. Nxc6 dxc6 19. Rfd1 Bxf4 20. Nxf4 Qf6 21. a4 c4 22. Qc2 Nc7 23. axb5 Nxb5 24. Qxc4 Qxb2 25. Rab1 Qe5 26. Rb3 Rf8 27. Re3 Qf6 28. Qc5 g6 29. h4 a5 30. Rb3 Ra6 31. Nd5 cxd5 32. Rxb5 a4 33. Bxd5 Nd7 34. Qb4 Ne5 35. Ra5 Ng4 36. Bf3 Rxa5 37. Qxa5 Ne5 38. Bd5 Ng4 39. Bf3 Ne5 40. Bd5 Ng4 41. Qa7 Re8 42. Rd3 Re7 43. Qa8+ Kg7 44. Rf3 Qd4 45. Kg2 Rd7 46. Ba2 Ra7 47. Qb8 h5 48. Rf4 Qc5 49. Qe8 Nf6 50. Qd8 Qc6+ 51. f3 a3 52. Qd4 Re7 53. Kf2 Qa6 54. Bc4 Qa7 55. Ba2 Qxd4+ 56. Rxd4 Ra7 57. Ke3 Nd7 58. Rd3 Nc5 59. Rc3 Ra5 60. Kd4 Ne6+ 61. Kc4 g5 62. Kb4 Re5 63. e3 gxh4 64. gxh4 Rf5 65. f4 Nxf4 66. exf4 Rxf4+ 67. Kxa3 Rxh4 68. Rf3 f6 69. Kb3 Rg4 70. Kc3 h4 71. Rf2 h3 72. Bd5 Kg6 73. Kd3 Kg5 74. Ke3 f5 75. Rb2 Ra4 76. Bf3 Ra1 77. Rc2 Kf6 {Ke4 Ke5+} 1/2-1/2

[Event "72nd RUS-ch Higher League 2019"]
[Site "Yaroslavl"]
[Date "2019.06.29"]
[Round "3.18"]
[White "Bigaliev, Renat"]
[Black "Pridorozhni, Aleksei"]
[Result "1/2-1/2"]
[ECO "A43"]
[WhiteElo "2427"]
[BlackElo "2588"]
[Annotator "ChessBase"]
[PlyCount "81"]
[EventDate "2019.06.27"]
[EventType "swiss"]
[EventCountry "RUS"]
[SourceTitle "playchess.com"]
[Source "ChessBase"]
[SourceQuality "1"]
[TimeControl "40/5400+30:1800+30"]

1. d4 Nf6 2. Nf3 c5 3. d5 b5 4. c4 bxc4 5. Nc3 d6 6. e4 Nbd7 7. Bxc4 g6 8. O-O Bg7 9. Bg5 O-O 10. Qd2 Nb6 11. Bd3 a5 12. Rfe1 Bg4 13. Nh4 a4 14. Bh6 e5 15. dxe6 Bxe6 16. Bxg7 Kxg7 17. Rad1 Ng4 18. Nf3 Ne5 19. Be2 Nbc4 20. Qc2 Nxf3+ 21. Bxf3 Qb8 22. e5 Qxb2 23. Qxb2 Nxb2 24. Rxd6 Rad8 25. a3 Bb3 26. Bc6 Nd3 27. Re4 c4 28. f4 Rb8 29. g4 Nc5 30. Re3 Bc2 31. Rd2 Bd3 32. Nxa4 Rb1+ 33. Kg2 Nxa4 34. Bxa4 Rfb8 35. e6 fxe6 36. Rxe6 Ra1 37. Bc6 Rxa3 38. Be4 Rd8 39. Bxd3 cxd3 40. Re3 Ra4 41. Rexd3 1/2-1/2

[Event "72nd RUS-ch Higher League 2019"]
[Site "Yaroslavl"]
[Date "2019.06.29"]
[Round "3.19"]
[White "Rychkov, Oleg"]
[Black "Romanov, Evgeny"]
[Result "1/2-1/2"]
[ECO "A25"]
[WhiteElo "2409"]
[BlackElo "2577"]
[Annotator "ChessBase"]
[PlyCount "80"]
[EventDate "2019.06.27"]
[EventType "swiss"]
[EventCountry "RUS"]
[SourceTitle "playchess.com"]
[Source "ChessBase"]
[SourceQuality "1"]
[TimeControl "40/5400+30:1800+30"]

1. c4 e5 2. Nc3 Nc6 3. g3 f5 4. Bg2 Nf6 5. e3 d6 6. Nge2 g5 7. d4 Bg7 8. dxe5 dxe5 9. Qxd8+ Nxd8 10. e4 f4 11. h4 h6 12. hxg5 hxg5 13. Rxh8+ Bxh8 14. b3 Ne6 15. Bb2 g4 16. f3 gxf3 17. Bxf3 Ng5 18. Bh1 f3 19. Bc1 Nfxe4 20. Nxe4 Nxe4 21. Bxf3 Nf6 22. Bb2 e4 23. Bxe4 Nxe4 24. Bxh8 Bg4 25. Nc3 Nxg3 26. Be5 O-O-O 27. Bxg3 Rd3 28. Ne4 Re3+ 29. Kd2 Rxe4 30. Re1 Rxe1 31. Bxe1 Bf5 32. Kc3 c5 33. Bf2 b6 34. a4 Kb7 35. a5 Kc6 36. axb6 axb6 37. b4 cxb4+ 38. Kxb4 Be6 39. Bxb6 Bxc4 40. Kxc4 Kxb6 1/2-1/2

[Event "72nd RUS-ch Higher League 2019"]
[Site "Yaroslavl"]
[Date "2019.06.29"]
[Round "3.20"]
[White "Samojlov, Anton"]
[Black "Lomasov, Semyon"]
[Result "0-1"]
[ECO "C00"]
[WhiteElo "2350"]
[BlackElo "2542"]
[Annotator "ChessBase"]
[PlyCount "76"]
[EventDate "2019.06.27"]
[EventType "swiss"]
[EventCountry "RUS"]
[SourceTitle "playchess.com"]
[Source "ChessBase"]
[SourceQuality "1"]
[TimeControl "40/5400+30:1800+30"]

1. e4 e6 2. d4 d5 3. Bd3 dxe4 4. Bxe4 Nf6 5. Bf3 c5 6. Ne2 Nc6 7. Be3 cxd4 8. Nxd4 Ne5 9. Nc3 a6 10. Qe2 Nxf3+ 11. Qxf3 e5 12. Nde2 h6 13. O-O Qc7 14. Rad1 Be6 15. Qg3 g5 16. Nd4 Bd7 17. Qf3 Be7 18. Ne4 Nxe4 19. Qxe4 exd4 20. Bxd4 Rg8 21. Bf6 Be6 22. Be5 f5 23. Qe2 Qc4 24. Rd3 Kf7 25. Re1 Rad8 26. b3 Qg4 27. f3 Qb4 28. Bd4 Rg6 29. c3 Qb5 30. Red1 Bc5 31. Qe3 Bxd4 32. Rxd4 Rxd4 33. Qxd4 Rg8 34. c4 Qc6 35. Qe5 Rc8 36. Kf1 Qc5 37. Qe2 Re8 38. Re1 Bd7 0-1

[Event "72nd RUS-ch Higher League 2019"]
[Site "Yaroslavl"]
[Date "2019.06.29"]
[Round "3.23"]
[White "Bykov, Oleg"]
[Black "Belozerov, Andrei"]
[Result "0-1"]
[ECO "D11"]
[WhiteElo "2401"]
[BlackElo "2533"]
[Annotator "ChessBase"]
[PlyCount "148"]
[EventDate "2019.06.27"]
[EventType "swiss"]
[EventCountry "RUS"]
[SourceTitle "playchess.com"]
[Source "ChessBase"]
[SourceQuality "1"]
[TimeControl "40/5400+30:1800+30"]

1. d4 d5 2. c4 c6 3. Nf3 Nf6 4. e3 Bg4 5. h3 Bxf3 6. Qxf3 e6 7. Nc3 Bb4 8. Bd3 Nbd7 9. O-O O-O 10. Bd2 Nc5 11. Be2 Nce4 12. Be1 Qa5 13. Nxe4 Nxe4 14. Bd3 Bxe1 15. Rfxe1 Nf6 16. c5 Rfe8 17. a3 e5 18. b4 Qc7 19. Qg3 Re7 20. Qh4 Rae8 21. Reb1 exd4 22. exd4 h6 23. Rc1 Ne4 24. a4 Re6 25. Rc2 Ng5 26. Rf1 Qe7 27. Qf4 Rf6 28. Qg3 Ne4 29. Qe3 Re6 30. Qf4 Rf6 31. Qc1 Re6 32. Qf4 Qd8 33. g3 Rf6 34. Qg4 Rfe6 35. Qf4 h5 36. Kh2 g6 37. h4 Rf6 38. Qh6 Rf3 39. Be2 Rf5 40. f3 Qf6 41. Qe3 Nd6 42. Qf2 Nc4 43. Bxc4 dxc4 44. Rxc4 Re4 45. Kg2 Qe6 46. Rc2 Re3 47. Qd2 Qb3 48. Rb2 Qa3 49. Ra2 Qb3 50. Rb2 Rd3 51. Rxb3 Rxd2+ 52. Rf2 Rxd4 53. Re2 Kf8 54. f4 a5 55. bxa5 Rxa4 56. Rxb7 Rxa5 57. Rc2 Rfxc5 58. Rxc5 Rxc5 59. Rc7 Rc3 60. Rd7 Kg7 61. Rd6 c5 62. Rc6 c4 63. Kf2 Rc1 64. Kg2 c3 65. Kf2 Kf8 66. Kg2 Ke7 67. f5 gxf5 68. Kh2 Kd7 69. Rf6 c2 70. Rxf7+ Kd6 71. Rf6+ Kd5 72. Rxf5+ Kd4 73. Rf4+ Ke3 74. Rc4 Kd3 0-1

[Event "72nd RUS-ch Higher League 2019"]
[Site "Yaroslavl"]
[Date "2019.06.29"]
[Round "3.24"]
[White "Khanin, Semen"]
[Black "Kardashevskiy, Evgeny"]
[Result "1/2-1/2"]
[ECO "A05"]
[WhiteElo "2529"]
[BlackElo "2429"]
[Annotator "ChessBase"]
[PlyCount "127"]
[EventDate "2019.06.27"]
[EventType "swiss"]
[EventCountry "RUS"]
[SourceTitle "playchess.com"]
[Source "ChessBase"]
[SourceQuality "1"]
[TimeControl "40/5400+30:1800+30"]

1. Nf3 Nf6 2. c4 e6 3. b3 d5 4. Bb2 Be7 5. e3 O-O 6. Nc3 c5 7. cxd5 exd5 8. d4 Nc6 9. Be2 Ne4 10. dxc5 Bf6 11. Rc1 Qa5 12. Nd4 Nxc5 13. Nxc6 bxc6 14. O-O Ne4 15. Qc2 Nxc3 16. Bxc3 Bxc3 17. Qxc3 Qxa2 18. Rc2 Qa3 19. Ra1 Qe7 20. Qxc6 Be6 21. Qc5 Qxc5 22. Rxc5 Rfd8 23. b4 d4 24. exd4 Rxd4 25. b5 Rb4 26. h3 g6 27. Rc2 h5 28. Rd2 Kf8 29. Kh2 h4 30. Bf3 Rc8 31. Bc6 Rc7 32. Rd8+ Ke7 33. Ra8 Rb2 34. R8xa7 Rxa7 35. Rxa7+ Kd6 36. Ra4 g5 37. f4 g4 38. hxg4 Bxg4 39. f5 Bxf5 40. Rxh4 Ke5 41. Rh5 Kf4 42. Rh8 Bd3 43. Rb8 Be4 44. Bxe4 Kxe4 45. Kh3 Kf5 46. Kg3 Rb3+ 47. Kh4 Rb4+ 48. Kh3 Kg5 49. g3 Rb2 50. b6 Rb4 51. Kg2 Rb3 52. Kf2 Kf5 53. Rb7 Kf6 54. Kg2 Kg6 55. Kh3 Rb4 56. Rb8 Kf5 57. Rb7 Kg6 58. Rb8 Kf5 59. Kg2 Rb3 60. Kf2 Kf6 61. Ke2 Rxg3 62. Kd2 Ke7 63. Kc2 Kd7 64. b7 1/2-1/2

[Event "72nd RUS-ch Higher League 2019"]
[Site "Yaroslavl"]
[Date "2019.06.29"]
[Round "3.25"]
[White "Drygalov, Sergey"]
[Black "Salemgareev, Tagir"]
[Result "0-1"]
[ECO "D12"]
[WhiteElo "2492"]
[BlackElo "2412"]
[Annotator "ChessBase"]
[PlyCount "90"]
[EventDate "2019.06.27"]
[EventType "swiss"]
[EventCountry "RUS"]
[SourceTitle "playchess.com"]
[Source "ChessBase"]
[SourceQuality "1"]
[TimeControl "40/5400+30:1800+30"]

1. d4 d5 2. c4 c6 3. Nf3 Nf6 4. e3 Bf5 5. Nc3 e6 6. Nh4 Be4 7. f3 Bg6 8. Qb3 Qc7 9. Bd2 Be7 10. cxd5 cxd5 11. Nxg6 hxg6 12. O-O-O Nc6 13. Kb1 a6 14. Rc1 Rc8 15. Bd3 Na5 16. Qa4+ Nc6 17. g3 Nd7 18. Ne2 g5 19. e4 Nb6 20. Qb3 g6 21. h3 Qd8 22. exd5 exd5 23. f4 gxf4 24. Nxf4 O-O 25. Bc3 Bf6 26. Bxg6 fxg6 27. Ne6 Qe8 28. Nxf8 Nc4 29. Qxb7 Qxf8 30. Rhf1 Nd6 31. Qxa6 Ne4 32. Rce1 Nxc3+ 33. bxc3 Rb8+ 34. Kc2 Qd6 35. Qd3 Bxd4 36. Rb1 Rc8 37. Rfd1 Kh8 38. Rb3 Bg7 39. Kb1 Na5 40. Rb4 Bxc3 41. Rb5 Bg7 42. a3 Nc4 43. Ka2 Ra8 44. Rb3 Qc5 45. Rf1 Nxa3 0-1

[Event "72nd RUS-ch Higher League 2019"]
[Site "Yaroslavl"]
[Date "2019.06.29"]
[Round "3.26"]
[White "Eraschenkov, Denis"]
[Black "Airapetian, Gor"]
[Result "1-0"]
[ECO "A11"]
[WhiteElo "2379"]
[BlackElo "2442"]
[Annotator "NA"]
[PlyCount "71"]
[EventDate "2019.06.27"]
[EventType "swiss"]
[EventCountry "RUS"]
[SourceTitle "playchess.com"]
[Source "ChessBase"]
[SourceQuality "1"]
[TimeControl "40/5400+30:1800+30"]

1. c4 c6 2. Nf3 d5 3. e3 Nf6 4. b3 Bf5 5. Bb2 e6 6. Be2 h6 7. Ne5 Be7 8. cxd5 Qxd5 9. O-O O-O 10. d4 Qd8 11. f3 Bxb1 12. Qxb1 Nbd7 13. f4 Nd5 14. Rf3 Nxe5 15. fxe5 Bg5 16. Qe4 f5 17. exf6 Rxf6 18. Rxf6 Qxf6 19. Rf1 Qe7 20. Bd3 Nf6 21. Qf3 Rf8 22. e4 Nd7 23. Qe2 Rxf1+ 24. Kxf1 Qf7+ 25. Kg1 Qf4 26. Bc4 Nf8 27. d5 exd5 28. exd5 b5 29. Bd3 cxd5 30. Bxb5 Bf6 31. g3 Qf5 32. Bd3 Qg5 33. Ba3 Bd4+ 34. Kg2 Bb6 35. Qe8 Qd2+ 36. Be2 1-0

[Event "72nd RUS-ch Higher League 2019"]
[Site "Yaroslavl"]
[Date "2019.06.29"]
[Round "3.27"]
[White "Mirzaev, Aziz"]
[Black "Ibadov, Dashgyn"]
[Result "1/2-1/2"]
[ECO "A70"]
[WhiteElo "2433"]
[BlackElo "2298"]
[Annotator "NA"]
[PlyCount "136"]
[EventDate "2019.06.27"]
[EventType "swiss"]
[EventCountry "RUS"]
[SourceTitle "playchess.com"]
[Source "ChessBase"]
[SourceQuality "1"]
[TimeControl "40/5400+30:1800+30"]

1. d4 e6 2. c4 Nf6 3. Nc3 c5 4. d5 exd5 5. cxd5 d6 6. e4 g6 7. Nf3 Bg7 8. Be2 Bg4 9. O-O O-O 10. Re1 a6 11. Nd2 Bxe2 12. Rxe2 b5 13. a4 b4 14. Ncb1 Re8 15. f3 Nh5 16. Nc4 Qf6 17. Be3 Nd7 18. Nbd2 g5 19. g3 Ne5 20. Nxe5 Rxe5 21. Nc4 Qxf3 22. Nxe5 Bxe5 23. Qd3 Nf6 24. Rf1 Qxe4 25. Qxe4 Nxe4 26. Bc1 Bd4+ 27. Kg2 Nf6 28. Rf5 h6 29. Be3 Nd7 30. Bxd4 cxd4 31. Re4 a5 32. Rxd4 Nc5 33. Rf6 Rd8 34. Rc4 Nxa4 35. Rc7 Rf8 36. Rxd6 Nxb2 37. Rb6 Rd8 38. Rb5 Nd1 39. Rxa5 b3 40. Rc1 Rxd5 41. Rxd5 Ne3+ 42. Kf3 Nxd5 43. Rb1 Kg7 44. Rxb3 Kg6 45. Rb5 Nf6 46. Ra5 Nd7 47. Ke4 Nf6+ 48. Kd4 Ng4 49. Ra2 f6 50. Kd5 Ne5 51. Rf2 Kf7 52. h3 h5 53. Rc2 Kg6 54. Ke6 Nf3 55. Rc4 Ng1 56. Rc8 Nxh3 57. Rf8 h4 58. Rxf6+ Kg7 59. g4 Nf4+ 60. Kf5 h3 61. Rd6 h2 62. Rd7+ Kh6 63. Rd8 Kg7 64. Rd7+ Kh6 65. Rd6+ Kg7 66. Rd1 Ne2 67. Kxg5 Ng3 68. Kf4 h1=Q {[%emt 0:00:11] Ke4} 1/2-1/2

[Event "72nd RUS-ch Higher League 2019"]
[Site "Yaroslavl"]
[Date "2019.06.29"]
[Round "3.28"]
[White "Vlasenko, Miroslav"]
[Black "Lesovoi, Evgenij"]
[Result "1/2-1/2"]
[ECO "B23"]
[WhiteElo "2417"]
[BlackElo "2366"]
[Annotator "NA"]
[PlyCount "48"]
[EventDate "2019.06.27"]
[EventType "swiss"]
[EventCountry "RUS"]
[SourceTitle "playchess.com"]
[Source "ChessBase"]
[SourceQuality "1"]
[TimeControl "40/5400+30:1800+30"]

1. e4 c5 2. Nc3 d6 3. f4 Nc6 4. Nf3 g6 5. Bc4 Bg7 6. O-O e6 7. d3 Nge7 8. Qe1 Nd4 9. Nxd4 cxd4 10. Ne2 O-O 11. Bb3 b5 12. f5 exf5 13. Qh4 d5 14. exd5 Nxd5 15. Bg5 Qd7 16. Nxd4 Bb7 17. c4 Nc7 18. Bf6 Bxf6 19. Qxf6 Rad8 20. Nxf5 gxf5 21. Qg5+ Kh8 22. Qf6+ Kg8 23. Qg5+ Kh8 24. Qf6+ Kg8 1/2-1/2

[Event "72nd RUS-ch Higher League 2019"]
[Site "Yaroslavl"]
[Date "2019.06.29"]
[Round "3.29"]
[White "Sadovsky, Artem"]
[Black "Kanter, Eduard"]
[Result "1-0"]
[ECO "A05"]
[WhiteElo "2416"]
[BlackElo "2392"]
[Annotator "ChessBase"]
[PlyCount "155"]
[EventDate "2019.06.27"]
[EventType "swiss"]
[EventCountry "RUS"]
[SourceTitle "playchess.com"]
[Source "ChessBase"]
[SourceQuality "1"]
[TimeControl "40/5400+30:1800+30"]

1. Nf3 Nf6 2. g3 g6 3. Bg2 Bg7 4. O-O d5 5. c4 c6 6. Qc2 O-O 7. b3 a5 8. Bb2 a4 9. bxa4 Qa5 10. cxd5 cxd5 11. Nc3 Nc6 12. d4 Bf5 13. Qb3 Ne4 14. e3 e6 15. Rfc1 Rfb8 16. Nh4 Nxc3 17. Bxc3 Qxa4 18. Nxf5 Qxb3 19. axb3 gxf5 20. Bf1 Bf8 21. Bb5 Ra3 22. Rxa3 Bxa3 23. Ra1 Bd6 24. Kf1 Rc8 25. Bd2 Kf8 26. Ke2 Ke7 27. Ra4 Kf6 28. Bd3 Ne7 29. Ra7 Rb8 30. h3 h5 31. h4 Nc8 32. Ra5 Bc7 33. Ra1 Nd6 34. Bb4 Ne4 35. Ra7 Bb6 36. Ra1 Rc8 37. Ke1 Kg6 38. f3 Nf6 39. Ke2 Kg7 40. Bd6 Rc6 41. Bb4 Rc8 42. Be1 Ne8 43. Bd2 Nf6 44. Ra4 Rb8 45. Kf2 Ne8 46. Be1 Nc7 47. Bb4 Ra8 48. Rxa8 Nxa8 49. Bc5 Bc7 50. e4 fxe4 51. fxe4 Nb6 52. Be2 dxe4 53. Bxh5 Nd5 54. Be2 f5 55. Bb5 Nf6 56. Be2 Kg6 57. Be7 Bb6 58. Bc5 Bc7 59. Bb5 Kf7 60. Bc4 Ng4+ 61. Kg2 Ne3+ 62. Kf2 Ng4+ 63. Kg2 Ne3+ 64. Kh3 b6 65. Bb4 Nd5 66. Be1 Nf6 67. Be2 Kg6 68. g4 f4 69. h5+ Kf7 70. g5 f3 71. Bxf3 exf3 72. gxf6 e5 73. Bg3 f2 74. Kg2 f1=Q+ 75. Kxf1 Kxf6 76. Bxe5+ Bxe5 77. dxe5+ Kxe5 78. Kf2 1-0

[Event "72nd RUS-ch Higher League 2019"]
[Site "Yaroslavl"]
[Date "2019.06.30"]
[Round "4.7"]
[White "Lysyj, Igor"]
[Black "Sakaev, Konstantin"]
[Result "1/2-1/2"]
[ECO "D11"]
[WhiteElo "2623"]
[BlackElo "2584"]
[Annotator "RC"]
[PlyCount "93"]
[EventDate "2019.06.27"]
[EventType "swiss"]
[EventCountry "RUS"]
[SourceTitle "playchess.com"]
[Source "ChessBase"]
[SourceQuality "1"]
[TimeControl "40/5400+30:1800+30"]

1. d4 d5 2. c4 c6 3. Nf3 Nf6 4. g3 Bg4 5. Ne5 Bf5 6. Qb3 Qb6 7. cxd5 cxd5 8. Nc3 Nc6 9. Qxb6 axb6 10. e3 Bd7 11. Nxd7 Kxd7 12. Bd3 e6 13. Ke2 Be7 14. b3 Ra5 15. a3 Ne8 16. Bb2 Nd6 17. h4 h6 18. h5 Raa8 19. g4 Rhc8 20. Nb1 b5 21. Nd2 b4 22. a4 Na5 23. Rac1 Rxc1 24. Rxc1 b6 25. f3 Bg5 26. Rg1 Rh8 27. f4 Be7 28. Kf3 Bd8 29. Ke2 Be7 30. Rg3 Bh4 31. Rh3 Bf6 32. Kd1 Be7 33. Rg3 Bh4 34. Rh3 Be7 35. Rg3 Bh4 36. Rg2 Be7 37. Ke2 Rc8 38. Kd1 Rh8 39. Rg1 Kc6 40. Ke1 Kd7 41. Ke2 Rc8 42. Bb1 Ra8 43. Bc2 Rc8 44. Bd3 Rh8 45. Rg3 Bh4 46. Rh3 Be7 47. Rg3 1/2-1/2

[Event "72nd RUS-ch Higher League 2019"]
[Site "Yaroslavl"]
[Date "2019.06.30"]
[Round "4.8"]
[White "Lomasov, Semyon"]
[Black "Grachev, Boris"]
[Result "1/2-1/2"]
[ECO "C42"]
[WhiteElo "2542"]
[BlackElo "2621"]
[Annotator "RC"]
[PlyCount "60"]
[EventDate "2019.06.27"]
[EventType "swiss"]
[EventCountry "RUS"]
[SourceTitle "playchess.com"]
[Source "ChessBase"]
[SourceQuality "1"]
[TimeControl "40/5400+30:1800+30"]

1. e4 e5 2. Nf3 Nf6 3. Nxe5 d6 4. Nf3 Nxe4 5. c4 g6 6. d4 Bg7 7. Bd3 Nf6 8. O-O O-O 9. h3 Nc6 10. Nc3 Ne7 11. Re1 Bf5 12. Bg5 Bxd3 13. Qxd3 h6 14. Bxf6 Bxf6 15. Nd5 Nxd5 16. cxd5 Qd7 17. Rac1 Rfe8 18. Rxe8+ Rxe8 19. Qb3 Qc8 20. Qa4 a6 21. Rxc7 Qxc7 22. Qxe8+ Kg7 23. Qe3 Qc2 24. Qb3 Qc1+ 25. Kh2 Bxd4 26. Nxd4 Qf4+ 27. Kg1 Qc1+ 28. Kh2 Qf4+ 29. Kg1 Qc1+ 30. Kh2 Qf4+ 1/2-1/2

[Event "72nd RUS-ch Higher League 2019"]
[Site "Yaroslavl"]
[Date "2019.06.30"]
[Round "4.15"]
[White "Bimiev, Ahmad"]
[Black "Rakhmanov, Aleksandr"]
[Result "0-1"]
[ECO "A10"]
[WhiteElo "2238"]
[BlackElo "2615"]
[Annotator "RC"]
[PlyCount "108"]
[EventDate "2019.06.27"]
[EventType "swiss"]
[EventCountry "RUS"]
[SourceTitle "playchess.com"]
[Source "ChessBase"]
[SourceQuality "1"]
[TimeControl "40/5400+30:1800+30"]

1. c4 g6 2. g3 Bg7 3. Bg2 e6 4. Nc3 Ne7 5. d4 d5 6. cxd5 exd5 7. h4 h6 8. Bf4 c6 9. Qd2 Bf5 10. Nf3 Nd7 11. O-O Nb6 12. b3 f6 13. a4 g5 14. Be3 a5 15. Rae1 Qd7 16. Kh2 Nbc8 17. Ng1 Ng6 18. h5 Nge7 19. f3 O-O 20. Bf2 Be6 21. e4 dxe4 22. Nxe4 b6 23. Qd3 Nd5 24. Ne2 f5 25. Nd2 Qf7 26. Nc3 Qxh5+ 27. Kg1 Qf7 28. Qe2 Re8 29. Nxd5 cxd5 30. f4 Nd6 31. fxg5 hxg5 32. Nc4 Rad8 33. Nxd6 Rxd6 34. Qd2 Qh5 35. b4 Kf7 36. Be3 axb4 37. Bxg5 Bxd4+ 38. Qxd4 Qxg5 39. Qxb4 Rc6 40. Qb3 Qd2 41. Rxe6 Rexe6 42. Bxd5 Rc3 43. Bxe6+ Kg7 44. Rf2 Qe1+ 45. Kg2 Qe4+ 46. Kh2 Rxb3 47. Bxb3 Qe3 48. Rb2 Qc3 49. Rb1 Kf6 50. Bd1 Kg5 51. Kh3 Qd3 52. Ra1 f4 53. Kh2 fxg3+ 54. Kg2 Qd2+ 0-1

[Event "72nd RUS-ch Higher League 2019"]
[Site "Yaroslavl"]
[Date "2019.06.30"]
[Round "4.17"]
[White "Pridorozhni, Aleksei"]
[Black "Yanchenko, Roman"]
[Result "1-0"]
[ECO "C16"]
[WhiteElo "2588"]
[BlackElo "2478"]
[Annotator "ChessBase"]
[PlyCount "191"]
[EventDate "2019.06.27"]
[EventType "swiss"]
[EventCountry "RUS"]
[SourceTitle "playchess.com"]
[Source "ChessBase"]
[SourceQuality "1"]
[TimeControl "40/5400+30:1800+30"]

1. e4 e6 2. d4 d5 3. Nc3 Bb4 4. e5 Ne7 5. a3 Bxc3+ 6. bxc3 b6 7. Qg4 Kf8 8. a4 Ba6 9. Bxa6 Nxa6 10. Ne2 c5 11. O-O Rc8 12. Bg5 h6 13. Bxe7+ Qxe7 14. c4 dxc4 15. d5 Nb4 16. Nf4 Qg5 17. Qf3 Kg8 18. dxe6 fxe6 19. Nxe6 Qe7 20. Nf4 Nxc2 21. Rac1 Nd4 22. Qe4 Qf7 23. Rfe1 g5 24. Nd5 Kg7 25. Rxc4 Rcd8 26. Rxd4 cxd4 27. e6 Qg6 28. Qxd4+ Kh7 29. Nf6+ Kg7 30. Nd7+ Kh7 31. e7 Rxd7 32. Qxd7 Re8 33. h3 Kg7 34. Re6 Qb1+ 35. Kh2 Qf5 36. Qd4+ Kf7 37. Rxh6 Rxe7 38. Rc6 Rd7 39. Qe3 Re7 40. Qd4 Rd7 41. Qc4+ Kg7 42. Qc3+ Kf7 43. Qb3+ Kg7 44. Qg3 Rf7 45. Rc4 Kh6 46. f3 Qd5 47. Rg4 Rf5 48. Re4 Qf7 49. Qb8 Kg7 50. Rg4 Kh7 51. Rd4 Rd5 52. Rxd5 Qxd5 53. Qxa7+ Kg8 54. Qb8+ Kh7 55. Qc7+ Kg8 56. Qxb6 Qe5+ 57. Kh1 Qa1+ 58. Qg1 Qxa4 59. Qe3 Qd1+ 60. Kh2 Qd6+ 61. Kg1 Qg3 62. Qe7 Qf4 63. Qe6+ Kg7 64. Qg4 Qc1+ 65. Kh2 Kf6 66. h4 gxh4 67. Qxh4+ Kg6 68. Qe4+ Kh6 69. Kg3 Qg5+ 70. Qg4 Qa5 71. Qe6+ Kh5 72. Kh3 Qa1 73. Qf5+ Kh6 74. Qe4 Qh1+ 75. Kg3 Qa1 76. f4 Qg7+ 77. Kh3 Qc3+ 78. g3 Qf6 79. f5 Qa1 80. Qe6+ Kg7 81. Qe7+ Kh6 82. Qe3+ Kg7 83. g4 Qf6 84. Kg3 Qd6+ 85. Qf4 Qd1 86. Qe5+ Kf7 87. Qc7+ Kf6 88. Qc3+ Kf7 89. Kh4 Qd8+ 90. g5 Kg8 91. Qe5 Qa8 92. Kg3 Qa3+ 93. Kg4 Qa8 94. Qe7 Qg2+ 95. Kh5 Qe2+ 96. Qxe2 1-0

[Event "72nd RUS-ch Higher League 2019"]
[Site "Yaroslavl"]
[Date "2019.06.30"]
[Round "4.18"]
[White "Romanov, Evgeny"]
[Black "Eraschenkov, Denis"]
[Result "1/2-1/2"]
[ECO "A48"]
[WhiteElo "2577"]
[BlackElo "2379"]
[Annotator "ChessBase"]
[PlyCount "90"]
[EventDate "2019.06.27"]
[EventType "swiss"]
[EventCountry "RUS"]
[SourceTitle "playchess.com"]
[Source "ChessBase"]
[SourceQuality "1"]
[TimeControl "40/5400+30:1800+30"]

1. d4 Nf6 2. Nf3 g6 3. Bg5 Bg7 4. Nbd2 d6 5. c3 O-O 6. e3 Nbd7 7. Bd3 e5 8. O-O c6 9. a4 Qc7 10. e4 h6 11. Bh4 Nh5 12. Re1 Re8 13. Bf1 Nf4 14. Nc4 Nb6 15. Nfd2 Nxc4 16. Nxc4 exd4 17. cxd4 Be6 18. Ne3 Bd7 19. Nc2 Rac8 20. Qd2 Ne6 21. b4 c5 22. bxc5 dxc5 23. d5 Qf4 24. Qxf4 Nxf4 25. Ra3 c4 26. f3 Nd3 27. Rd1 f5 28. exf5 Bxf5 29. g4 Nb2 30. Rc1 Bd7 31. a5 Re5 32. Bf2 Nd3 33. Rd1 Nxf2 34. Kxf2 Rc5 35. d6 Rxa5 36. Bxc4+ Kf8 37. Rxa5 Rxa5 38. Bd5 b6 39. Ne3 Rc5 40. f4 b5 41. f5 gxf5 42. gxf5 Be5 43. Be6 Ke8 44. Nd5 Kd8 45. Ke3 Rc4 {[%emt 0:05:02] Ke4} 1/2-1/2

[Event "72nd RUS-ch Higher League 2019"]
[Site "Yaroslavl"]
[Date "2019.06.30"]
[Round "4.19"]
[White "Nozdrachev, Vladislav"]
[Black "Frolyanov, Dmitry"]
[Result "0-1"]
[ECO "B31"]
[WhiteElo "2481"]
[BlackElo "2538"]
[Annotator "ChessBase"]
[PlyCount "92"]
[EventDate "2019.06.27"]
[EventType "swiss"]
[EventCountry "RUS"]
[SourceTitle "playchess.com"]
[Source "ChessBase"]
[SourceQuality "1"]
[TimeControl "40/5400+30:1800+30"]

1. e4 c5 2. Nf3 Nc6 3. Bb5 g6 4. O-O Bg7 5. Re1 e5 6. Bxc6 dxc6 7. d3 Qe7 8. a4 a5 9. Na3 Nf6 10. Bg5 Qc7 11. Nc4 Nh5 12. Be3 b6 13. b4 cxb4 14. Bxb6 Qe7 15. d4 exd4 16. e5 O-O 17. Qxd4 Qd7 18. Bc5 Rd8 19. Nb6 Qe8 20. Qe3 Bd7 21. Nxa8 Rxa8 22. Nd4 Bh8 23. c3 bxc3 24. Rac1 Ng7 25. Rxc3 Ne6 26. Rc2 Bg7 27. Nxe6 Bxe6 28. Rb2 h5 29. Rb7 Bd5 30. Qf4 Rb8 31. Re7 Qd8 32. h3 Be6 33. Bd6 Rb2 34. Qd4 Rb4 35. Qd1 Rb2 36. Qc1 Qb6 37. Re8+ Kh7 38. Bc5 Qb3 39. Bf8 Rc2 40. Qg5 Bxf8 41. Rxf8 Qb4 42. Rxf7+ Bxf7 43. Rd1 Bd5 44. Qf6 Qb7 45. f3 Qg7 46. Qd6 Re2 0-1